 Dungeon Crawl Stone Soup version 0.28.0 (webtiles) character file.

Game seed: 17778643922277853441

189 avis the Chopper (level 5, -5/48 HPs)
             Began as a Hill Orc Monk on Feb 14, 2022.
             Slain by an orc wizard (18 damage)
             ... on level 3 of the Dungeon.
             The game lasted 00:13:11 (3637 turns).

avis the Chopper (Hill Orc Monk)                    Turns: 3637, Time: 00:13:11

Health: -5/48      AC: 10    Str: 16    XL:     5   Next: 68%
Magic:  5/5        EV:  6    Int: 14    God:
Gold:   131        SH:  0    Dex: 13    Spells: 4/4 levels left

rFire   . . .      SeeInvis .   a - +0 hand axe
rCold   . . .      Faith    .   d - +0 buckler
rNeg    . . .      Spirit   .   n - +0 chain mail
rPois   .          Reflect  +   m - +1 helmet of Eternal Night {Int+4}
rElec   .          Harm     .   (no cloak)
rCorr   .          Rampage  .   (no gloves)
Will    .....                   (no boots)
Stlth   ..........              h - amulet of reflection
HPRegen 0.16/turn               (no ring)
MPRegen 0.09/turn               (no ring)

@: confused
A: no striking features
a: no special abilities


You were on level 3 of the Dungeon.
You visited 1 branch of the dungeon, and saw 4 of its levels.

You collected 131 gold pieces.

Inventory:

Hand Weapons
 a - a +0 hand axe (weapon)
Missiles
 c - 75 stones
 j - a boomerang (quivered)
 q - 4 poisoned darts
 s - 6 silver boomerangs
Armour
 b - a +0 robe
 d - a +0 buckler (worn)
 i - a +0 ring mail
 k - a +0 scale mail
 m - the +1 helmet of Eternal Night (worn) {Int+4}
   (You took it off Robin on level 2 of the Dungeon)

   Int:       It affects your intelligence (+4).
 n - a +0 chain mail (worn)
Magical Staves
 f - a staff of air
Jewellery
 h - an amulet of reflection (around neck)
Wands
 p - a wand of acid (10)
Scrolls
 e - 2 scrolls of enchant armour {unknown}
 o - a scroll of amnesia {unknown}
Potions
 g - 2 potions of heal wounds
 r - a potion of curing


   Skills:
 - Level 5.0 Fighting
 - Level 7.0 Axes
 * Level 2.7 Dodging
 - Level 1.5 Stealth


You had 4 spell levels left.
You didn't know any spells.
Your spell library contained the following spells:

 Spells                   Type           Power      Damage    Failure   Level
 Ensorcelled Hibernation  Hex/Ice        0%         N/A       100%        2
 Passwall                 Tmut/Erth      0%         N/A       100%        2
 Swiftness                Air            0%         N/A       100%        3
 Olgreb's Toxic Radiance  Pois           0%         N/A       100%        4
 Ozocubu's Refrigeration  Ice            0%         4d5       100%        7
 Ignition                 Fire           0%         3d3       100%        8


Dungeon Overview and Level Annotations

Branches:
Dungeon (4/15)
 Temple: D:4-7

Altars:
Nemelex Xobeh
Beogh


Message History

You hit the orc.
You kill the orc!
Things that are here:
a +0 short sword; an orc corpse
There is a stone staircase leading down here.
You start resting.
HP restored.
You climb downwards.
The orc wizard gestures wildly while chanting.
The orc wizard flickers and vanishes!
Deactivating autopickup; reactivate with Ctrl-A.
There is a stone staircase leading up here.
The orc hits you but does no damage. You block something's attack.
You climb upwards.
Reactivating autopickup.
There is a stone staircase leading down here.
Deactivating autopickup; reactivate with Ctrl-A.
You closely miss something. You closely miss the orc.
The orc hits you but does no damage. Something hits you but does no damage.
You closely miss something. You hit the orc but do no damage.
The orc hits you but does no damage.
You hear some strange, mumbled words.
Something tries to affect you, but you resist.
You miss something. You hit the orc. The orc hits you but does no damage.
You hear some strange, mumbled words.
A puff of flame appears from out of thin air!
The puff of flame misses you.
You hit something. You hit the orc but do no damage.
The orc hits you with a +0 club.
You hear some strange, mumbled words.
You are confused.
You bump into the rock wall.
The orc hits you but does no damage. Something hits you.
You are electrocuted!!
You bump into the rock wall.
The orc hits you with a +0 club. Something hits you.
You bump into the rock wall.
The orc hits you with a +0 club. Something hits you.
* * * LOW HITPOINT WARNING * * *
You are electrocuted!!
You die...

...###........#.....####.........
.........###..#.....# #.........
......#### ##.......# #.........
.....## ####......# #.........
.....# #.........# #.........
.....######.##......# #.........
............##...#### ##..#.##..
..#......##....o## ##.##.####
##..#..........{@# #..##)####
...##.#....###.#)## ###.###)##..
####..###....#....# #...###....#
.....####....###..####.####...###
#.........<....#.............##
.########....................#
....# #.......#.........)..####
###.### #####....................
#.).## ##.##................


You could see an orc.

Vanquished Creatures
  A hound (D:4)
  An orc wizard (D:3)
  Robin (D:2)
  4 adders
  4 dart slugs
  5 orcs (D:3)
  4 bats
  3 endoplasms (D:1)
  5 giant cockroaches
  12 goblins
  5 hobgoblins
  4 jackals (D:2)
  9 kobolds
  3 quokkas
  3 ball pythons
  3 frilled lizards
  3 rats (D:1)
70 creatures vanquished.

Notes
Turn   | Place    | Note
-------+----------+-------------------------------------------
     0 | D:1      | avis the Hill Orc Monk began the quest for the Orb.
     0 | D:1      | Reached XP level 1. HP: 19/19 MP: 1/1
   262 | D:1      | Reached XP level 2. HP: 16/26 MP: 2/2
   511 | D:1      | Reached skill level 5 in Axes
   903 | D:1      | Reached XP level 3. HP: 12/31 MP: 3/3
  1132 | D:1      | Found a roughly hewn altar of Beogh.
  1256 | D:1      | Found a faded altar of an unknown god.
  1454 | D:2      | Found a sparkling altar of Nemelex Xobeh.
  1637 | D:2      | Reached skill level 6 in Axes
  1673 | D:2      | You fall into a shaft and drop 2 floors!
  1821 | D:4      | Reached XP level 4. HP: 39/39 MP: 4/4
  1910 | D:4      | Reached skill level 7 in Axes
  2198 | D:2      | Identified the +1 helmet of Eternal Night {Int+4}
  2198 | D:2      | Noticed Robin
  2210 | D:2      | Reached XP level 5. HP: 39/46 MP: 5/5
  2231 | D:2      | Killed Robin
  3328 | D:3      | Reached skill level 5 in Fighting
  3637 | D:3      | Slain by an orc wizard

Illustrated notes

Levels and vault maps discovered:
D:1:      erik_arrival_blinker_ship, layout_basic,
          hellmonk_ecumenical_altar_defaced_shrine
D:2:      layout_basic, basic_altar, kennysheep_generic_room_4, uniq_robin
D:3:      layout_rooms
D:4:      layout_loops_ring, minmay_fractal_squares_gapless_5

Skill      XL: |  1  2  3  4  5 |
---------------+----------------+-----
Axes           | 5 6 7 |  7.0
Fighting       | 4 5 |  5.0
Dodging        | |  2.7
Stealth        | |  1.5

Action                   |  1- 3 |  4- 6 || total
-------------------------+-------+-------++-------
Melee: Hand axe          |   109 |   125 ||   234
Throw: Stone             |     2 |       ||     2
       Boomerang         |       |    24 ||    24
  Use: Scroll            |     1 |     1 ||     2
 Stab: Sleeping          |     3 |       ||     3
Armor: Robe              |    12 |       ||    12
       Ring mail         |     3 |     4 ||     7
       Scale mail        |       |    25 ||    25
       Chain mail        |       |    20 ||    20
Dodge: Dodged            |    54 |    41 ||    95
Block: Buckler           |    18 |    46 ||    64
       Reflection        |     1 |     2 ||     3
